AoeStats
← fanta

Black Forest

504030193Analyzed
4v4 RM · 28d ago on Sep 3, 2026· 57m 2s· 8 players
Game mode
Random Map
Map size
Large (8 player)
Population
200
Speed
Normal
Resources
Standard
Victory
Conquest
Starting age
Dark Age
Ending age
Imperial Age
RankedLock teamsTeams togetherTeam positionsShared explorationLock speedFull tech treeHidden civsTurbo modeCheats
Victory
Defeat
🇹🇼 Britons · Taiwan
1081
+15
🇨🇳 Hindustanis · China
1050
+16
🇳🇿 Magyars · New Zealand
1041
+16
🇹🇼 Lithuanians · Taiwan
1035
+17
🇨🇦 Romans · Canada
1093
-18
🇦🇷 Slavs · Argentina
1092
-18
🇩🇪 Khmer · Germany
1018
-14
🇨🇳 Mongols · China
999
-14
KEVINWEN
0:30 Loom
11:14 Feudal Age
17:00 Castle Age
15:14 Double-Bit Axe
15:43 Horse Collar
19:52 Wheelbarrow
20:12 Bow Saw
23:14 Gold Mining
24:17 Stone Mining
29:22 Imperial Age
27:26 Grand Trunk Road
28:33 Caravan
28:42 Scale Barding Armor
29:39 Forging
30:12 Hand Cart
31:24 Chain Barding Armor
32:16 Chemistry
31:41 Conscription
31:45 Heavy Plow
33:13 Plate Barding Armor
33:44 Husbandry
33:56 Bloodlines
33:07 Heavy Camel Rider
35:49 Iron Casting
36:35 Two-Man Saw
35:31 Imperial Camel Rider
40:55 Blast Furnace
40:17 Ballistics
40:03 Light Cavalry
41:03 Hussar
43:23 Padded Archer Armor
45:43 Siege Engineers
46:03 Shatagni
49:12 Murder Holes
fanta
2:07 Loom
13:32 Feudal Age
17:41 Castle Age
24:57 Double-Bit Axe
25:00 Horse Collar
27:52 Wheelbarrow
32:48 Imperial Age
31:06 Gold Mining
32:00 Hand Cart
31:53 Corvinian Army
32:37 Scale Barding Armor
33:53 Conscription
33:54 Elite Magyar Huszar
35:02 Bow Saw
34:54 Heavy Plow
37:11 Chain Barding Armor
36:56 Husbandry
37:11 Bloodlines
39:12 Plate Barding Armor
41:43 Caravan
44:32 Two-Man Saw
43:50 Fletching
50:31 Crop Rotation
jameskobecp6
14:54 Feudal Age
15:37 Double-Bit Axe
16:30 Horse Collar
21:00 Castle Age
20:12 Stone Mining
21:58 Bow Saw
21:50 Heavy Plow
21:53 Gold Mining
25:16 Gold Shaft Mining
31:44 Imperial Age
29:41 Fletching
29:52 Padded Archer Armor
30:01 Caravan
30:46 Bodkin Arrow
31:27 Leather Archer Armor
31:48 Yeomen
33:04 Conscription
32:13 Elite Longbowman
33:22 Bracer
33:52 Ring Archer Armor
35:21 Ballistics
36:02 Chemistry
36:03 Guilds
44:14 Hoardings
43:40 Warwolf
secret_marker
2:59 Loom
11:50 Feudal Age
13:56 Wheelbarrow
13:56 Double-Bit Axe
18:50 Castle Age
18:01 Horse Collar
26:57 Stone Mining
32:01 Imperial Age
30:37 Hand Cart
31:39 Stone Shaft Mining
32:47 Scale Barding Armor
32:53 Forging
33:32 Conscription
33:41 Bloodlines
33:32 Husbandry
34:08 Chain Barding Armor
34:24 Iron Casting
33:58 Heavy Plow
33:26 Elite Leitis
36:06 Plate Barding Armor
42:33 Light Cavalry
46:05 Winged Hussar
47:32 Padded Archer Armor
47:23 Fletching
48:38 Thumb Ring
47:54 Elite Skirmisher
49:14 Bodkin Arrow
49:35 Leather Archer Armor
50:12 Bracer
50:13 Scale Mail Armor
49:54 Pikeman
50:35 Squires
50:20 Arson
51:49 Chain Mail Armor
52:05 Ring Archer Armor
51:51 Gold Mining
51:53 Halberdier
53:09 Ballistics
53:50 Chemistry
53:48 Ballistics
54:21 Bow Saw
54:03 Cavalier
55:28 Tower Shields
2026
10:54 Feudal Age
14:37 Castle Age
21:35 Horse Collar
21:48 Double-Bit Axe
23:02 Gold Mining
23:51 Heavy Plow
24:29 Bow Saw
24:43 Stone Mining
27:54 Imperial Age
28:09 Heavy Scorpion
30:21 Chemistry
31:01 Double Crossbow
31:15 Caravan
33:06 Siege Engineers
Thổ Dân Da Đỏ
0:31 Loom
13:37 Feudal Age
18:34 Castle Age
16:30 Double-Bit Axe
16:27 Horse Collar
20:36 Bow Saw
20:30 Fishing Lines
22:11 Wheelbarrow
21:38 Heavy Plow
23:29 Town Watch
24:00 Hand Cart
30:51 Imperial Age
28:30 Gold Mining
28:35 Stone Mining
30:36 Ballistics
30:08 Fletching
30:18 Padded Archer Armor
30:24 Scale Barding Armor
31:50 Husbandry
32:01 Bloodlines
32:03 Forging
33:25 Gold Shaft Mining
33:29 Leather Archer Armor
33:10 Bodkin Arrow
33:36 Chain Barding Armor
33:52 Iron Casting
34:46 Chemistry
34:27 Heavy Cavalry Archer
34:50 Light Cavalry
36:55 Conscription
37:11 Chain Barding Armor
36:23 Hussar
41:10 Plate Barding Armor
40:41 Bodkin Arrow
42:33 Ring Archer Armor
42:46 Iron Casting
47:42 Blast Furnace
48:40 Hoardings
50:39 Murder Holes
51:38 Scale Mail Armor
DropDongHitBong420
2:38 Loom
13:29 Feudal Age
18:00 Castle Age
15:57 Double-Bit Axe
15:54 Horse Collar
18:58 Heavy Plow
19:11 Bow Saw
26:38 Wheelbarrow
26:46 Gold Mining
26:47 Town Watch
28:04 Hand Cart
29:03 Gold Shaft Mining
28:51 Town Patrol
28:53 Fletching
29:05 Scale Mail Armor
29:16 Forging
32:17 Imperial Age
30:17 Fortified Wall
30:28 Ballistics
30:21 Masonry
31:18 Bodkin Arrow
32:00 Iron Casting
31:40 Chain Mail Armor
31:37 Ballistas
32:27 Caravan
32:20 Onager
33:45 Crop Rotation
33:04 Heavy Scorpion
34:08 Siege Engineers
35:05 Blast Furnace
33:29 Pikeman
34:10 Squires
35:34 Chemistry
34:16 Halberdier
34:18 Man-at-Arms
35:38 Architecture
35:34 Conscription
35:20 Long Swordsman
36:19 Padded Archer Armor
36:01 Legionary
_xy_2252
0:47 Loom
0:48 Loom
10:15 Feudal Age
11:32 Wheelbarrow
10:43 Double-Bit Axe
10:55 Horse Collar
17:09 Castle Age
16:10 Gold Mining
18:46 Hand Cart
18:44 Bow Saw
22:07 Town Watch
23:12 Gold Shaft Mining
23:45 Stone Mining
25:28 Stone Shaft Mining
31:35 Imperial Age
29:25 Town Patrol
30:40 Padded Archer Armor
30:31 Fletching
32:42 Onager
33:47 Leather Archer Armor
33:28 Bodkin Arrow
34:37 Chemistry
35:27 Drill
35:28 Conscription
35:14 Siege Onager
36:34 Ballistics
36:21 Siege Engineers
36:51 Bracer
41:23 Elite Mangudai
44:26 Fortified Wall
45:47 Caravan
Connection lost

Rejoining the realm…

Still unreachable

The connection could not be restored.

Session expired

The server has moved on; the page needs a fresh start.